 Dungeon Crawl Stone Soup version 0.30-a0-748-ge6a52f7cba (webtiles) character file.

Game seed: 14619992957646787518

2872 dolemite99 the Trooper (level 10, -5/76 HPs)
             Began as a Djinni Necromancer on Feb 9, 2023.
             Was a Believer of Makhleb.
             Killed from afar by an acid dragon (19 damage)
             ... with a splash of acid
             ... on level 8 of the Dungeon.
             The game lasted 00:13:21 (11701 turns).

dolemite99 the Trooper (Djinni Necromancer)        Turns: 11701, Time: 00:13:21

Health: -5/76      AC:  4    Str:  7    XL:     10   Next: 5%
Gold:   339        EV: 12    Int: 20    God:    Makhleb [**....] SH:  0 Dex: 15

rFire   + + .      SeeInvis .    A - +1 whip (venom)
rCold   x . .      Faith    .    (no shield)
rNeg    . . .      Spirit   .    a - +2 robe
rPois   ∞          Reflect  .    (no helmet)
rElec   .          Harm     .    (no cloak)
rCorr   +          Rampage  .    (no gloves)
Will    +....                    (boots unavailable)
Stlth   ++                       (no amulet)
HPRegen 0.32/turn                n - ring of resist corrosion
MPRegen 0.00/turn                (no ring)

@: mighty, flying
A: sickness immunity, fire resistance 2, cold vulnerability 1, float, innate
caster, HP casting, extra vitality 1
a: Renounce Religion, Minor Destruction


You were on level 8 of the Dungeon.
You worshipped Makhleb.
Makhleb was pleased with you.
You visited 1 branch of the dungeon, and saw 9 of its levels.

You collected 339 gold pieces.

Inventory:

Hand Weapons
 d - a +1 dagger of draining
 e - a +0 club
 k - a +0 hand axe
 o - a +0 dagger
 p - a +0 dagger
 t - a +0 short sword of protection
 u - a +0 spear
 x - a +0 falchion
 y - a +2 vampiric hand axe
 z - a +2 dagger of holy wrath
 A - a +1 whip of venom (weapon)
 B - a +0 sling
 D - a +0 shortbow
 F - a +1 heavy mace
 G - a +1 morningstar of protection
 H - a +2 trident of protection
Missiles
 j - 14 poisoned darts
 r - 2 boomerangs
Armour
 a - a +2 robe (worn)
 f - a +2 pair of gloves
Jewellery
 n - a ring of resist corrosion (left hand)
 w - a +6 ring of intelligence
 E - a ring of see invisible
Wands
 C - a wand of iceblast (6) (quivered)
 J - a wand of light (7)
Scrolls
 c - a scroll of poison
 g - 2 scrolls of enchant weapon
 i - 2 scrolls of teleportation
 q - a scroll of amnesia
 s - a scroll of fog
 K - a scroll of brand weapon {unknown}
 L - a scroll of butterflies {unknown}
 M - a scroll of vulnerability
 N - a scroll of fear {unknown}
Potions
 b - 2 potions of magic
 l - a potion of berserk rage
 m - 2 potions of brilliance
 v - a potion of mutation
 I - 2 potions of might


   Skills:
 + Level 7.9 Fighting
 - Level 2.1 Dodging
 - Level 1.5 Stealth
 + Level 6.9 Spellcasting
 - Level 6.6 Invocations


You couldn't memorise any spells.
You knew the following spells:

 Your Spells              Type           Power      Damage    Failure   Level
a - Necrotise             Necr           100%       1d9       1%          1
b - Vampiric Draining     Necr           34%        2d8       1%          3
c - Poisonous Vapours     Pois/Air       68%        N/A       1%          2
d - Agony                 Necr           34%        N/A       16%         5
e - Apportation           Tloc           68%        N/A       1%          1
f - Animate Dead          Necr           34%        N/A       5%          4
g - Passwall              Tmut/Erth      28%        N/A       1%          2
h - Manifold Assault      Tloc           34%        N/A       5%          4
Your spell library was empty.

Dungeon Overview and Level Annotations

Branches:
Dungeon (9/15)             Temple (0/1) D:6
   Lair: D:8-11         Orc: D:9-12

Altars:
Fedhas
Makhleb
Ru
Wu Jian
Lugonu

Portals:
Abyss: D:6

Annotations:
D:4 exclusion: downstairs
D:6 2 runed translucent doors
D:7 exclusion: downstairs


Innate Abilities, Weirdness & Mutations

You are immune to sickness and miasma.
You are immune to poison.
Your flesh is very heat resistant. (rF++)
You are vulnerable to cold. (rC-)
You float through the air rather than walking.
You learn spells naturally, not from books.
Your magical power is your life essence.
You have superior vitality. (+4 MHP)


Message History

The orc wizard attacks as you move away!
The orc wizard hits you but does no damage.
Things that are here:
a +0 club; a gnoll corpse
Casting: Vampiric Draining (safe; 1% risk of failure)
Confirm with . or Enter, or press ? or * to list all spells.
Aiming: Vampiric Draining (safe; 1% risk of failure)
Press: ? - help, Shift-Dir - straight line, f/p - orc wizard
Aim: an orc wizard, wielding a +0 dagger and wearing a +0 robe (almost dead)
You draw life force from the orc wizard!
You kill the orc wizard!
Makhleb accepts your kill.
You can now harness Makhleb's destructive might.
You feel better.
You feel life coursing into your body. The acid dragon spits acid at you.
The splash of acid hits you! You resist.
It was a potion of might.
You feel very mighty all of a sudden. The acid dragon barely misses you.
The acid dragon completely misses you.
Casting: Vampiric Draining (safe; 1% risk of failure)
Confirm with . or Enter, or press ? or * to list all spells.
Aiming: Vampiric Draining (safe; 1% risk of failure)
Press: ? - help, Shift-Dir - straight line, f - acid dragon
Aim: an acid dragon You draw life force from the acid dragon.
You feel life coursing into your body. The acid dragon spits acid at you.
The splash of acid hits you! You resist.
* * * LOW HITPOINT WARNING * * *
Casting: Vampiric Draining (safe; 1% risk of failure)
Confirm with . or Enter, or press ? or * to list all spells.
Aiming: Vampiric Draining (safe; 1% risk of failure)
Press: ? - help, Shift-Dir - straight line, f/p - acid dragon
Aim: an acid dragon (lightly wounded)
You draw life force from the acid dragon.
You feel life coursing into your body.
* * * LOW HITPOINT WARNING * * *
The acid dragon spits acid at you. The splash of acid hits you!! You resist.
You die...

.... ##. ... ##.##
####... ........##.. #.#
#..####....##
...#..!.##.#.
#.#####>###...#####
...#....#....
#.##....###.### #
.....#.....#
#.##.#####..# ##
...........####.#..#
#.## #.
#..#......>.....### #.#
#.
#....###.)...D....####.#
#.
#.....)...####@##.>.##.#
#.
#.#...)....###.####.##.#
#. .. #.######.....##
#..#.# #. #. ...#
####...# ##.#.# #####. #
#o### ##..# #÷#.###.....
... #..# #<....#.####
#.. #..# ###[#.#.# ...
#### #.#...# .. #.##..#


You could see an acid dragon (catching breath).

Vanquished Creatures
  Grum (D:8)
  A water moccasin (D:7)
  An ice beast (D:7)
  A sky beast (D:8)
  3 centaurs
  An ogre (D:6)
  4 wolves
  3 phantoms
  3 bullfrogs
  A kobold brigand (D:5)
  A necrophage (D:5)
  2 scorpions
  5 killer bees (D:7)
  5 hounds
  A jelly (D:6)
  4 orc priests
  5 iguanas
  2 orc wizards
  6 adders
  7 gnolls
  A shadow imp (D:6)
  An ufetubus (D:5)
  3 worms
  2 dart slugs (D:5)
  24 orcs
  3 ball pythons
  4 endoplasms
  9 goblins
  3 hobgoblins (D:2)
  3 jackals (D:1)
  4 quokkas
  3 bats
  2 frilled lizards (D:1)
  8 kobolds
  2 rats (D:1)
129 creatures vanquished.

Vanquished Creatures (collateral kills)
  A black bear (D:7)
  A howler monkey (D:7)
  An orc priest (D:7)
  An orc wizard (D:7)
  A shadow imp (D:7)
  A white imp (D:7)
  A goblin (D:3)
  2 ball pythons (D:1)
9 creatures vanquished.

Vanquished Creatures (others)
  3 killer bee zombies (D:7)
  2 orc zombies (D:7)
5 creatures vanquished.

Grand Total: 143 creatures vanquished

Notes
Turn   | Place    | Note
-------+----------+-------------------------------------------
     0 | D:1      | dolemite99 the Djinni Necromancer began the quest for the
                  | Orb.
     0 | D:1      | dolemite99 set off with the following spells memorised:
                  | Necrotise, Vampiric Draining, Animate Dead, Agony.
     0 | D:1      | Reached XP level 1. HP: 15/15 MP: 0/0
   539 | D:1      | Reached XP level 2. HP: 19/21 MP: 0/0
  1202 | D:2      | Reached XP level 3. HP: 24/25 MP: 0/0
  1202 | D:2      | Learned a level 1 spell: Apportation
  1709 | D:3      | Found an ornate altar of the Wu Jian Council.
  1710 | D:3      | Found a burning altar of Makhleb.
  1841 | D:3      | Became a worshipper of Makhleb the Destroyer
  2071 | D:3      | Reached XP level 4. HP: 29/31 MP: 0/0
  3573 | D:4      | Reached XP level 5. HP: 21/35 MP: 0/0
  3573 | D:4      | Learned a level 2 spell: Poisonous Vapours
  4248 | D:4      | Reached skill level 5 in Spellcasting
  4277 | D:5      | Entered Level 5 of the Dungeon
  4897 | D:4      | Reached XP level 6. HP: 35/40 MP: 0/0
  5520 | D:5      | Reached XP level 7. HP: 13/45 MP: 0/0
  5520 | D:5      | Learned a level 2 spell: Passwall
  6109 | D:5      | Reached skill level 1 in Fighting
  6238 | D:5      | Reached skill level 2 in Fighting
  6330 | D:4      | Reached skill level 3 in Fighting
  6621 | D:5      | Reached XP level 8. HP: 49/56 MP: 0/0
  6898 | D:5      | Reached skill level 4 in Fighting
  7417 | D:6      | Reached * piety under Makhleb
  7634 | D:6      | Found a one-way gate to the infinite horrors of the Abyss.
  7729 | D:6      | Reached skill level 1 in Invocations
  8431 | D:6      | Found a large runed translucent door.
  8433 | D:6      | Found a large runed translucent door.
  8515 | D:6      | Found a corrupted altar of Lugonu.
  8525 | D:6      | Found a staircase to the Ecumenical Temple.
  8642 | D:6      | Found a sacrificial altar of Ru.
  8642 | D:6      | Found a blossoming altar of Fedhas.
  8838 | D:7      | Reached skill level 5 in Invocations
  8841 | D:7      | Reached XP level 9. HP: 42/64 MP: 0/0
  8841 | D:7      | Learned a level 4 spell: Manifold Assault
  9517 | D:7      | Reached skill level 5 in Fighting
  9739 | D:7      | Reached skill level 6 in Fighting
 10430 | D:8      | Noticed Grum
 10438 | D:8      | Reached skill level 7 in Fighting
 11074 | D:8      | Killed Grum
 11348 | D:8      | Reached XP level 10. HP: 65/76 MP: 0/0
 11634 | D:9      | Noticed a death yak
 11634 | D:9      | Noticed a death yak
 11634 | D:9      | Noticed a death yak
 11634 | D:9      | Noticed a death yak
 11634 | D:9      | Noticed a death yak
 11692 | D:8      | Reached ** piety under Makhleb
 11701 | D:8      | Killed from afar by an acid dragon

Illustrated notes

Levels and vault maps discovered:
D:1:      dpeg_arrival_snail, layout_basic
D:2:      layout_basic, nicolae_eternal_life, st_stairs_7,
          dreamdust_mushroom_princess
D:3:      layout_basic, chequers_temple_overflow_statue_of_worship,
          palyth_stone_intersect
D:4:      layout_basic
D:5:      layout_loops_corners
D:6:      due_chaos_kobolds, layout_rooms, gammafunk_temple_overflow_pools,
          minmay_temple_entry_enclosed_plants, dk_noncrumbling_4
D:7:      layout_basic, amcnicky_altar_gilded
D:8:      layout_rooms, uniq_grum
D:9:      layout_basic, mainiacjoe_overflow_concentric_impassable,
          dpeg_lair_monsters, uniq_erolcha

Skill      XL: |  1  2  3  4  5  6  7  8  9 |
---------------+----------------------------+-----
Spellcasting   | 4 5 6 |  6.9
Fighting       | 3 4 7 |  7.9
Invocations    | 5 6 |  6.6
Dodging        | |  2.1
Stealth        | |  1.5

Action                     |  1- 3 |  4- 6 |  7- 9 | 10-12 || total
---------------------------+-------+-------+-------+-------++-------
  Melee: Spear             |       |    19 |     2 |       ||    21
         Dagger            |       |       |    36 |       ||    36
         Hand axe          |       |       |    10 |       ||    10
         Whip              |       |       |     8 |     3 ||    11
  Throw: Dart              |       |       |     2 |       ||     2
   Cast: Necrotise         |    50 |    40 |    40 |     1 ||   131
         Vampiric Draining |       |    11 |    65 |    10 ||    86
         Poisonous Vapours |       |    41 |    57 |     4 ||   102
         Animate Dead      |       |       |     2 |       ||     2
  Evoke: Wand              |       |    14 |    12 |       ||    26
    Use: Scroll            |       |    13 |     5 |       ||    18
         Potion            |       |     4 |     8 |     1 ||    13
   Stab: Distracted        |       |     1 |       |       ||     1
         Invisible         |       |       |     2 |       ||     2
 Armour: Robe              |     4 |    13 |    34 |     4 ||    55
  Dodge: Dodged            |    19 |    63 |   132 |    15 ||   229

Table legend: (Time is in decaauts)
 A = Elapsed time spent in this place.
 B = Non-inter-level travel time spent in this place.
 C = Inter-level travel time spent in this place.
 D = Time resting spent in this place.
 E = Time spent auto-exploring this place.
 F = Levels seen in this place.
 G = Mean time per level.
                   A        B        C        D        E       F      G
               +--------+--------+--------+--------+--------+-----+--------+
         Total |  11696 |  11406 |    290 |   5919 |   3815 |   9 | 1299.6 |
       Dungeon |  11696 |  11406 |    290 |   5919 |   3815 |   9 | 1299.6 |
               +--------+--------+--------+--------+--------+-----+--------+

Top non-repeatable levels by time:
     D:7: 2311 daAuts
     D:5: 2190 daAuts
     D:3: 1827 daAuts
     D:4: 1602 daAuts
     D:6: 1533 daAuts
     D:1: 846 daAuts
     D:2: 783 daAuts
     D:8: 597 daAuts
     D:9: 3 daAuts
